 Dungeon Crawl Stone Soup version 0.22.1-2-g9c5b331383 (webtiles) character file.

14 McIrco the Sneak (level 2, 0/19 HPs)
             Began as a Vampire Enchanter on Jan 5, 2019.
             Slain by a kobold
             ... wielding a +0 short sword
              (6 damage)
             ... on level 1 of the Dungeon.
             The game lasted 00:02:50 (2624 turns).

McIrco the Sneak (Vampire Enchanter)                Turns: 2624, Time: 00:02:51

Health: 0/19       AC:  2    Str:  7    XL:     2   Next: 31%
Magic:  1/5        EV: 13    Int: 17    God:
Gold:   7          SH:  0    Dex: 14    Spells: 4/5 levels left

rFire    . . .     SeeInvis +   a - +1 dagger
rCold    + + .     Gourm    .   (no shield)
rNeg     + + +     Faith    .   b - +0 robe
rPois    ∞         Spirit   .   (no helmet)
rElec    .         Reflect  .   (no cloak)
rCorr    .         Harm     .   (no gloves)
MR       .....                  (no boots)
Stlth    +++++.....             (no amulet)
HPRegen  0.00/turn              (no ring)
MPRegen  0.09/turn              (no ring)

@: bloodless, non-regenerating
A: fangs 3, see invisible, unbreathing
a: no special abilities


You were on level 1 of the Dungeon.
You were bloodless.

You visited 1 branch of the dungeon, and saw 1 of its levels.

You collected 7 gold pieces.

Inventory:

Hand Weapons
 a - a +1 dagger (weapon)
Armour
 b - a +0 robe (worn)
Scrolls
 c - 5 scrolls of identify {unknown}
 e - a scroll of random uselessness {unknown}
Potions
 d - 4 potions of blood


   Skills:
 + Level 1.1 Short Blades
 * Level 2.3 Dodging
 + Level 5.0 Stealth
 + Level 2.1 Spellcasting
 + Level 4.8 Hexes


You had 4 spell levels left.
You knew the following spells:

 Your Spells              Type           Power        Failure   Level  Hunger
a - Corona                Hex            ###....      2%          1    #......

Your spell library contained the following spells:

 Spells                   Type           Power        Failure   Level  Hunger
 Confuse                  Hex            ###.....     8%          3    ###....
 Tukima's Dance           Hex            ###.....     8%          3    ###....
 Ensorcelled Hibernation  Hex/Ice        ##....       11%         2    ###....
 Dazzling Spray           Conj/Hex       ##....       22%         3    ###....


Dungeon Overview and Level Annotations

Branches:
Dungeon (1/15)

Altars:


Innate Abilities, Weirdness & Mutations

You do not heal naturally.
You are immune to poison.
You have razor-sharp teeth.
You have supernaturally acute eyesight. (SInv)
You can survive without breathing.


Message History

The giant cockroach closely misses you.
The kobold throws a stone.
The stone closely misses you.
You hit the giant cockroach.
You kill the giant cockroach!
Your Stealth skill increases to level 5!
You see here a giant cockroach corpse.
Casting: Corona (safe; 2% risk of failure)
Confirm with . or Enter, or press ? or * to list all spells.
Aiming: Corona (safe; 2% risk of failure)
Press: ? - help, Shift-Dir - straight line, f - kobold
Aim: a kobold, wielding a short sword (chance to defeat MR: 73%)
The kobold barely resists.
The kobold hits you but does no damage.
Casting: Corona (safe; 2% risk of failure)
Confirm with . or Enter, or press ? or * to list all spells.
Aiming: Corona (safe; 2% risk of failure)
Press: ? - help, Shift-Dir - straight line, f/p - kobold
Aim: a kobold, wielding a short sword (chance to defeat MR: 73%)
The kobold is outlined in light.
The kobold closely misses you.
You barely miss the kobold. The kobold hits you with a short sword.
You die...

#. ##.## #...##.##.
##. ...####..###.###
... ..........##.###
##.####..#......#....
#.............[..####
#..#(##..#...........
#..#(##..........####
#...K(..##.#..#..#
#.##@##.##.......# #
#.##.##.##.##.#
.....##.......#
##.######.....## ...
#.....# #.# #.....#
#.# #.....# #.#
#.....# #######


You could see a kobold.

Vanquished Creatures
  An ooze (D:1)
  2 giant cockroaches (D:1)
  2 goblins (D:1)
  A kobold (D:1)
  4 rats (D:1)
10 creatures vanquished.

Notes
Turn   | Place    | Note
-------+----------+-------------------------------------------
     0 | D:1      | McIrco the Vampire Enchanter began the quest for the Orb.
     0 | D:1      | Reached XP level 1. HP: 13/13 MP: 3/3
  2552 | D:1      | Reached XP level 2. HP: 19/19 MP: 5/5
  2619 | D:1      | Reached skill level 5 in Stealth
  2624 | D:1      | Slain by a kobold

Skill      XL: |  1  2 |
---------------+-------+-----
Stealth        | 5 |  5.0
Short Blades   | |  1.1
Dodging        | |  2.3
Spellcasting   | |  2.1
Hexes          | |  4.8

Action                   || total
-------------------------++-------
Melee: Dagger            ||    26
 Cast: Corona            ||     5
 Stab: Sleeping          ||     6
  Eat: Corpse            ||     1
Armor: Robe              ||     2
Dodge: Dodged            ||    17
